MLB
COLORADO ROCKIES @ CHICAGO CUBS
06/09/2099
 
TOP OF THE 1ST
Colorado Rockies batting - Pitching for Chicago Cubs : RHP Angel Alvarez
Pitching: RHP Angel Alvarez
Batting: LHB Glenn Sewell 0-0: Ground out 3-1 (Groundball, 34, EV 103.1 MPH)
Batting: RHB Mike Woodard 0-0: Fly out, F2 (Popup, 23F, EV 87.5 MPH)
Batting: LHB Matt Beck 0-0: Called Strike
0-1: DOUBLE (Flyball, 78XD, EV 108.1 MPH)
Batting: RHB Kosuke Sakai 0-0: Called Strike
0-1: Foul Ball, location: 2LF
0-2: Strikes out swinging
Top of the 1st over - 0 runs, 1 hit, 0 errors, 1 left on base; Colorado 0 - Chicago 0
BOTTOM OF THE 1ST
Chicago Cubs batting - Pitching for Colorado Rockies : RHP Dave Baldwin
Pitching: RHP Dave Baldwin
Batting: RHB Armando Valenzuela 0-0: Called Strike
0-1: SINGLE (Groundball, 2L, EV 66.9 MPH) (infield hit)
Batting: LHB Elijah Fairchild 0-0: Called Strike
Armando Valenzuela steals 2nd base (no throw)
0-1: Ball
1-1: Foul Ball, location: 2RF
1-2: Foul Ball, location: 5FF
1-2: Ground out 5-3 (Groundball, 5L, EV 83.1 MPH)
Armando Valenzuela to third
Batting: LHB Nick Criswell 0-0: Ball
1-0: Ball
2-0: Called Strike
2-1: Ground out 4-3 (Groundball, 4, EV 102.5 MPH)
Armando Valenzuela scores
Batting: RHB Amir Shaw 0-0: Called Strike
0-1: Ball
1-1: Called Strike
1-2: Strikes out swinging
Bottom of the 1st over - 1 run, 1 hit, 0 errors, 0 left on base; Colorado 0 - Chicago 1
TOP OF THE 2ND
Colorado Rockies batting - Pitching for Chicago Cubs : RHP Angel Alvarez
Batting: LHB Jim Davis 0-0: Called Strike
0-1: Foul Ball, location: 3FF
0-2: SINGLE (Groundball, 56D, EV 95.0 MPH)
Batting: LHB Mike Keatts 0-0: Foul Ball, location: 7LSF
0-1: Swinging Strike
0-2: SINGLE (Groundball, 6MD, EV 102.5 MPH)
Jim Davis to second
Batting: RHB Orlando Serrano 0-0: Called Strike
0-1: Ball
1-1: Ball
2-1: Swinging Strike
2-2: Ball
3-2: Strikes out looking
Batting: LHB Jeremy Papish 0-0: SINGLE (Line Drive, 6MD, EV 106.3 MPH)
Jim Davis to third
Mike Keatts to second
Runner from 3rd tries for Home, SAFE, throw by CF to home
Batting: LHB Jesus Pena 0-0: SINGLE (Groundball, 4, EV 93.1 MPH)
Mike Keatts to third
Jeremy Papish to second
Batting: LHB Glenn Sewell 0-0: Ball
1-0: Called Strike
1-1: Ball
2-1: Foul Ball, location: 3F
2-2: SINGLE (Line Drive, 6M, EV 107.5 MPH)
Mike Keatts scores
Jeremy Papish to third
Jesus Pena to second
Batting: RHB Mike Woodard 0-0: Ball
1-0: DOUBLE (Line Drive, 9LS, EV 108.8 MPH)
Jeremy Papish scores
Jesus Pena scores
Glenn Sewell to third
Runner from 3rd tries for Home, SAFE, throw by RF to home
Batting: LHB Matt Beck 0-0: Ball
1-0: Called Strike
1-1: Called Strike
1-2: Foul Ball, location: 9LDF
1-2: Ground out U3 (Groundball, 3, EV 79.4 MPH)
Mike Woodard to third
Batting: RHB Kosuke Sakai 0-0: Ground out 4-3 (Groundball, 4S, EV 95.0 MPH)
Top of the 2nd over - 5 runs, 6 hits, 0 errors, 1 left on base; Colorado 5 - Chicago 1
BOTTOM OF THE 2ND
Chicago Cubs batting - Pitching for Colorado Rockies : RHP Dave Baldwin
Batting: RHB Dave Conley 0-0: Ball
1-0: Called Strike
1-1: Ground out 5-3 (Groundball, 56, EV 95.0 MPH)
Batting: RHB Chris Downs 0-0: Ball
1-0: Ball
2-0: Ball
3-0: Ground out 5-3 (Groundball, 56, EV 80.0 MPH)
Batting: RHB Devin Williams 0-0: SOLO HOME RUN (Flyball, 7D, EV 95.0 MPH), Distance : 370 ft
Batting: LHB Brent Griffin 0-0: Called Strike
0-1: Ball
1-1: Ball
2-1: SINGLE (Line Drive, 78S, EV 91.9 MPH)
Batting: RHB Nick Love 0-0: Ball
Brent Griffin steals 2nd base
1-0: Ball
2-0: Foul Ball, location: 2F
2-1: SINGLE (Groundball, 6MD, EV 96.9 MPH)
Brent Griffin to third
Runner from 3rd tries for Home, SAFE, throw by CF to home
Batting: RHB Armando Valenzuela 0-0: Called Strike
0-1: Ball
1-1: Ball
2-1: Called Strike
2-2: Fly out, F5 (Popup, 5SF, EV 73.1 MPH)
Bottom of the 2nd over - 2 runs, 3 hits, 0 errors, 1 left on base; Colorado 5 - Chicago 3
TOP OF THE 3RD
Colorado Rockies batting - Pitching for Chicago Cubs : RHP Angel Alvarez
Batting: LHB Jim Davis 0-0: Called Strike
0-1: Called Strike
0-2: Ball
1-2: Ball
2-2: SOLO HOME RUN (Flyball, 9LD, EV 101.9 MPH), Distance : 389 ft
Batting: LHB Mike Keatts 0-0: Ball
1-0: Ground out 4-3 (Groundball, 4, EV 109.4 MPH)
Batting: RHB Orlando Serrano 0-0: Called Strike
0-1: Ball
1-1: Ball
2-1: SINGLE (Line Drive, 8RS, EV 103.1 MPH)
Batting: LHB Jeremy Papish 0-0: Ball
1-0: Ball
2-0: Fly out, F3 (Line Drive, 34, EV 64.4 MPH)
Lined into DP, U3 (Line Drive, 34, EV 64.4 MPH)
Top of the 3rd over - 1 run, 2 hits, 0 errors, 0 left on base; Colorado 6 - Chicago 3
BOTTOM OF THE 3RD
Chicago Cubs batting - Pitching for Colorado Rockies : RHP Dave Baldwin
Batting: LHB Elijah Fairchild 0-0: Ball
1-0: Called Strike
1-1: Ball
2-1: Ball
3-1: SINGLE (Line Drive, 8RS, EV 90.0 MPH)
Batting: LHB Nick Criswell 0-0: Swinging Strike
0-1: Called Strike
0-2: Ball
1-2: Foul Ball, location: 3DF
1-2: SINGLE (Line Drive, 34D, EV 105.6 MPH)
Elijah Fairchild to second
Batting: RHB Amir Shaw 0-0: Ball
1-0: Grounds into double play, 6-4-3 (Groundball, 6M, EV 85.0 MPH)
Elijah Fairchild to third
Batting: RHB Dave Conley 0-0: Ball
1-0: Called Strike
1-1: Swinging Strike
1-2: Ground out 6-3 (Groundball, 6, EV 80.6 MPH)
Bottom of the 3rd over - 0 runs, 2 hits, 0 errors, 1 left on base; Colorado 6 - Chicago 3
TOP OF THE 4TH
Colorado Rockies batting - Pitching for Chicago Cubs : RHP Angel Alvarez
Batting: LHB Jesus Pena 0-0: Ball
1-0: Ball
2-0: DOUBLE (Groundball, 3L, EV 108.8 MPH)
Batting: LHB Glenn Sewell 0-0: Intentional Walk
Batting: RHB Mike Woodard 0-0: Called Strike
0-1: Ball
1-1: Foul Ball, location: 2RF
1-2: Fly out, F6 (Popup, 6MS, EV 78.1 MPH)
Batting: LHB Matt Beck 0-0: Ball
1-0: Called Strike
1-1: Foul Ball, location: 2F
1-2: Strikes out swinging
Batting: RHB Kosuke Sakai 0-0: Foul Ball, location: 3DF
0-1: Foul Ball, location: 2F
0-2: Ball
1-2: Ball
2-2: Ball
3-2: Foul Ball, location: 2F
3-2: Foul Ball, location: 5DF
3-2: Base on Balls
Jesus Pena to third
Glenn Sewell to second
Pitching: RHP Ryan Ahlstrom
Batting: LHB Jim Davis 0-0: Fly out, F9 (Flyball, 9S, EV 89.4 MPH)
Top of the 4th over - 0 runs, 1 hit, 0 errors, 3 left on base; Colorado 6 - Chicago 3
BOTTOM OF THE 4TH
Chicago Cubs batting - Pitching for Colorado Rockies : RHP Dave Baldwin
Batting: RHB Chris Downs 0-0: Called Strike
0-1: Ball
1-1: Called Strike
1-2: Foul Ball, location: 2F
1-2: Strikes out looking
Batting: RHB Devin Williams 0-0: Foul Ball, location: 25F
0-1: Ball
1-1: Foul Ball, location: 5F
1-2: Ball
2-2: Strikes out swinging
Batting: LHB Brent Griffin 0-0: Ball
1-0: Ball
2-0: Ball
3-0: Called Strike
3-1: Fly out, F5 (Line Drive, 56, EV 67.5 MPH)
Bottom of the 4th over - 0 runs, 0 hits, 0 errors, 0 left on base; Colorado 6 - Chicago 3
TOP OF THE 5TH
Colorado Rockies batting - Pitching for Chicago Cubs : RHP Ryan Ahlstrom
Batting: LHB Mike Keatts 0-0: Ball
1-0: Ball
2-0: Foul Ball, location: 2F
2-1: Foul Ball, location: 7LSF
2-2: Ball
3-2: Fly out, F7 (Line Drive, 78M, EV 87.5 MPH)
Batting: RHB Orlando Serrano 0-0: Ball
1-0: Ball
2-0: Foul Ball, location: 9LDF
2-1: Foul Ball, location: 23FF
2-2: SOLO HOME RUN (Flyball, 7D, EV 103.1 MPH), Distance : 377 ft
Batting: LHB Jeremy Papish 0-0: Ball
1-0: Fly out, F9 (Line Drive, 89M, EV 83.1 MPH)
Batting: LHB Jesus Pena 0-0: Swinging Strike
0-1: Called Strike
0-2: Strikes out swinging
Top of the 5th over - 1 run, 1 hit, 0 errors, 0 left on base; Colorado 7 - Chicago 3
BOTTOM OF THE 5TH
Chicago Cubs batting - Pitching for Colorado Rockies : RHP Dave Baldwin
Batting: RHB Nick Love 0-0: Ball
1-0: Called Strike
1-1: Swinging Strike
1-2: Ball
2-2: Ball
3-2: Foul Ball, location: 5DF
3-2: Base on Balls
Batting: RHB Armando Valenzuela 0-0: Called Strike
0-1: Called Strike
0-2: Fly out, F8 (Line Drive, 8RD, EV 105.6 MPH)
Batting: LHB Elijah Fairchild 0-0: Ball
1-0: Ball
2-0: Ball
3-0: Base on Balls
Nick Love to second
Batting: LHB Nick Criswell 0-0: Called Strike
0-1: Ball
1-1: Ball
2-1: Swinging Strike
2-2: Fly out, F8 (Line Drive, 8RM, EV 90.6 MPH)
Lined into DP, 8-3 (Line Drive, 8RM, EV 90.6 MPH)
Bottom of the 5th over - 0 runs, 0 hits, 0 errors, 1 left on base; Colorado 7 - Chicago 3
TOP OF THE 6TH
Colorado Rockies batting - Pitching for Chicago Cubs : RHP Ryan Ahlstrom
Pitching: LHP Alex Banuelos
Batting: LHB Glenn Sewell 0-0: Ball
1-0: Called Strike
1-1: Ball
2-1: Ball
3-1: Foul Ball, location: 2F
3-2: Foul Ball, location: 2F
3-2: Foul Ball, location: 9LSFF
3-2: Ground out 5-3 (Groundball, 56, EV 101.9 MPH)
Batting: RHB Mike Woodard 0-0: Ball
1-0: Swinging Strike
1-1: Foul Ball, location: 7LDF
1-2: Ball
2-2: Strikes out swinging
Batting: LHB Matt Beck 0-0: Ball
1-0: Ball
2-0: Foul Ball, location: 9LSF
2-1: Foul Ball, location: 25FF
2-2: SINGLE (Flyball, 3D, EV 91.3 MPH)
Pitching: LHP Jamie DeCiantis
Batting: RHB Kosuke Sakai 0-0: Ball
1-0: Foul Ball, location: 23FF
1-1: Ball
2-1: Foul Ball, location: 5SF
2-2: Ground out 5-3 (Groundball, 56S, EV 66.3 MPH)
Top of the 6th over - 0 runs, 1 hit, 0 errors, 1 left on base; Colorado 7 - Chicago 3
BOTTOM OF THE 6TH
Chicago Cubs batting - Pitching for Colorado Rockies : RHP Dave Baldwin
Batting: RHB Amir Shaw 0-0: Called Strike
0-1: SINGLE (Groundball, 6MD, EV 101.9 MPH)
Pitching: RHP Vinny Herrick
Batting: RHB Dave Conley 0-0: Ball
1-0: Swinging Strike
1-1: Ball
2-1: Called Strike
2-2: Fielders Choice at 2nd, 5-4 (Groundball, 5, EV 78.8 MPH)
Batting: RHB Chris Downs 0-0: Ball
1-0: DOUBLE (Line Drive, 78XD, EV 110.6 MPH)
Dave Conley to third
Runner from 3rd tries for Home, SAFE, no throw by LF
Batting: RHB Devin Williams 0-0: Called Strike
0-1: Foul Ball, location: 3DF
0-2: Strikes out looking
Batting: LHB Brent Griffin 0-0: Ball
1-0: Foul Ball, location: 2F
1-1: Swinging Strike
1-2: Ball
2-2: Foul Ball, location: 3FF
2-2: Ground out 6-3 (Groundball, 6, EV 105.0 MPH)
Bottom of the 6th over - 1 run, 2 hits, 0 errors, 1 left on base; Colorado 7 - Chicago 4
TOP OF THE 7TH
Colorado Rockies batting - Pitching for Chicago Cubs : LHP Jamie DeCiantis
Pinch Hitting: SHB Brian Hatcher 0-0: Called Strike
0-1: Foul Ball, location: 2F
0-2: Ball
1-2: Ball
2-2: Foul Ball, location: 2F
2-2: Strikes out swinging
Batting: LHB Mike Keatts 0-0: Called Strike
0-1: Ball
1-1: Ball
2-1: Foul Ball, location: 7LSF
2-2: Foul Ball, location: 2F
2-2: Ball
3-2: Foul Ball, location: 3F
3-2: Foul Ball, location: 3FF
3-2: Foul Ball, location: 9LSF
3-2: DOUBLE (Flyball, 78D, EV 103.8 MPH)
Batting: RHB Orlando Serrano 0-0: Intentional Walk
Batting: LHB Jeremy Papish 0-0: Ball
1-0: Called Strike
Mike Keatts steals 3rd base
1-1: Called Strike
1-2: SINGLE (Line Drive, 8RS, EV 102.5 MPH)
Mike Keatts scores
Orlando Serrano to second
Batting: LHB Jesus Pena 0-0: Foul Ball, location: 2F
0-1: Fly out, F9 (Flyball, 89S, EV 88.8 MPH)
Batting: LHB Glenn Sewell 0-0: Foul Ball, location: 3F
0-1: Swinging Strike
0-2: Ball
1-2: Ball
2-2: Ball
3-2: Fly out, F8 (Flyball, 8LD, EV 100.0 MPH)
Top of the 7th over - 1 run, 2 hits, 0 errors, 2 left on base; Colorado 8 - Chicago 4
BOTTOM OF THE 7TH
Chicago Cubs batting - Pitching for Colorado Rockies : RHP Vinny Herrick
Now at 1B: Ricky Aguilera
Batting: RHB Nick Love 0-0: Ball
1-0: Ball
2-0: Ball
3-0: Called Strike
3-1: Base on Balls
Batting: RHB Armando Valenzuela 0-0: Foul Ball, location: 2F
0-1: Swinging Strike
0-2: Foul Ball, location: 5SF
0-2: Ball
1-2: Ball
2-2: Foul Ball, location: 2RF
2-2: SINGLE (Groundball, 6MD, EV 105.0 MPH)
Nick Love to second
Pitching: RHP Gary Kennedy
Batting: LHB Elijah Fairchild 0-0: Called Strike
0-1: Ball
1-1: Called Strike
1-2: Ball
2-2: Strikes out looking
Batting: LHB Nick Criswell 0-0: Ball
1-0: Swinging Strike
1-1: Foul Ball, location: 5DF
1-2: Strikes out swinging
Batting: RHB Amir Shaw 0-0: Ball
1-0: Called Strike
1-1: Ball
2-1: Foul Ball, location: 2F
2-2: Fielders Choice at 3rd, U5 (Groundball, 5, EV 103.1 MPH)
Bottom of the 7th over - 0 runs, 1 hit, 0 errors, 1 left on base; Colorado 8 - Chicago 4
TOP OF THE 8TH
Colorado Rockies batting - Pitching for Chicago Cubs : LHP Jamie DeCiantis
Pitching: RHP Ron Boone
Batting: RHB Mike Woodard 0-0: Ball
1-0: Swinging Strike
1-1: Fly out, F4 (Popup, 3S, EV 81.9 MPH)
Batting: LHB Matt Beck 0-0: Ball
1-0: Called Strike
1-1: Foul Ball, location: 7LMF
1-2: Ball
2-2: Ball
3-2: Strikes out swinging
Batting: RHB Kosuke Sakai 0-0: Called Strike
0-1: Foul Ball, location: 3DF
0-2: Foul Ball, location: 7LMF
0-2: Ball
1-2: Ball
2-2: Foul Ball, location: 9LDF
2-2: Ball
3-2: Strikes out swinging
Top of the 8th over - 0 runs, 0 hits, 0 errors, 0 left on base; Colorado 8 - Chicago 4
BOTTOM OF THE 8TH
Chicago Cubs batting - Pitching for Colorado Rockies : RHP Gary Kennedy
Batting: RHB Dave Conley 0-0: Ball
1-0: Swinging Strike
1-1: Ball
2-1: Swinging Strike
2-2: Strikes out swinging
Batting: RHB Chris Downs 0-0: Foul Ball, location: 25F
0-1: DOUBLE (Flyball, 89D, EV 96.9 MPH)
Batting: RHB Devin Williams 0-0: Ball
1-0: Called Strike
1-1: Foul Ball, location: 2LF
1-2: Foul Ball, location: 2F
1-2: Strikes out swinging
Pitching: RHP Angel Cruz
Batting: LHB Brent Griffin 0-0: Ball
1-0: DOUBLE (Line Drive, 8LXD, EV 94.4 MPH)
Chris Downs scores
Batting: RHB Nick Love 0-0: Ball
1-0: Called Strike
1-1: Foul Ball, location: 2F
1-2: Strikes out swinging
Bottom of the 8th over - 1 run, 2 hits, 0 errors, 1 left on base; Colorado 8 - Chicago 5
TOP OF THE 9TH
Colorado Rockies batting - Pitching for Chicago Cubs : RHP Ron Boone
Batting: RHB Ricky Aguilera 0-0: Called Strike
0-1: Swinging Strike
0-2: Strikes out swinging
Batting: LHB Mike Keatts 0-0: Foul Ball, location: 5DF
0-1: Ball
1-1: DOUBLE (Line Drive, 78D, EV 106.3 MPH)
Batting: RHB Orlando Serrano 0-0: Ball
1-0: Foul Ball, location: 7LMF
1-1: Ground out 5-3 (Groundball, 56S, EV 73.1 MPH)
Mike Keatts to third
Batting: LHB Jeremy Papish 0-0: Intentional Walk
Batting: LHB Jesus Pena 0-0: SINGLE (Line Drive, 7S, EV 93.1 MPH)
Mike Keatts scores
Jeremy Papish to second
Runner from 2nd tries for 3rd, SAFE, no throw by LF
Batting: LHB Glenn Sewell 0-0: Foul Ball, location: 9LDF
0-1: Foul Ball, location: 5FF
0-2: Ball
1-2: Fly out, F8 (Flyball, 8LXD, EV 95.0 MPH)
Top of the 9th over - 1 run, 2 hits, 0 errors, 2 left on base; Colorado 9 - Chicago 5
BOTTOM OF THE 9TH
Chicago Cubs batting - Pitching for Colorado Rockies : RHP Angel Cruz
Batting: RHB Armando Valenzuela 0-0: Ball
1-0: Swinging Strike
1-1: Foul Ball, location: 9LSF
1-2: Ball
2-2: Ground out 6-3 (Groundball, 6, EV 101.3 MPH)
Batting: LHB Elijah Fairchild 0-0: Ball
1-0: Ball
2-0: Ball
3-0: Called Strike
3-1: Fly out, F9 (Flyball, 9D, EV 97.5 MPH)
Batting: LHB Nick Criswell 0-0: Ball
1-0: Ground out 4-3 (Groundball, 4MD, EV 96.9 MPH)
Bottom of the 9th over - 0 runs, 0 hits, 0 errors, 0 left on base; Colorado 9 - Chicago 5
Sunday, May 5th , 2024 - OOTP Baseball 24.11 Build 85